 Dungeon Crawl Stone Soup version 0.17.0-7-gfadd4cc (console) character file.

50 gw the Insei (level 3, 0/29 HPs)
             Began as a Demonspawn Monk on Nov 8, 2015.
             Killed from afar by a white imp (8 damage)
             ... with a puff of frost
             ... summoned by Natasha
             ... on level 2 of the Dungeon.
             The game lasted 00:02:09 (1834 turns).

gw the Insei (Demonspawn Monk)                      Turns: 1834, Time: 00:02:09

Health: 0/29       AC:  4    Str: 11    XL:     3   Next: 55%
Magic:  3/3        EV: 12    Int: 11    God:
Gold:   87         SH:  0    Dex: 16    Spells: 0 memorised, 2 levels left

rFire  . . .     SeeInvis .       - Unarmed
rCold  . . .     Clarity  .     c - +0 leather armour
rNeg   . . .     SustAt   .     (no shield)
rPois  .         Gourm    .     d - +0 helmet
rElec  .         Spirit   .     (no cloak)
rCorr  .         Warding  .     (no gloves)
rMut   .         Stasis   .     (no boots)
MR     .....                    (no amulet)
Stlth  ++........               (no ring)
                                (no ring)

@: slowed, very slow, not resistant to hostile enchantments, unstealthy
A: rot immunity
a: no special abilities


You were on level 2 of the Dungeon.
You were not hungry.

You visited 1 branch of the dungeon, and saw 2 of its levels.

You collected 87 gold pieces.

Inventory:

Missiles
 a - 42 stones (quivered)
Armour
 c - a +0 leather armour (worn)
 d - a +0 helmet (worn)
Comestibles
 b - 2 bread rations


   Skills:
 + Level 3.3 Fighting
 + Level 1.2 Throwing
 + Level 1.1 Armour
 - Level 2.6 Dodging
 - Level 1.7 Stealth
 * Level 4.0 Unarmed Combat


You had 2 spell levels left.
You didn't know any spells.

Dungeon Overview and Level Annotations

Branches:
Dungeon (2/15)

Altars:

Annotations:
D:2 Natasha


Innate Abilities, Weirdness & Mutations

You are immune to rotting.


Message History

ATTACK MOVE TO (-1,1)
You hit Natasha.
Natasha is almost dead.
The white imp gestures at you. The puff of frost misses you.
You hear a sizzling sound!
Natasha mumbles some strange words.
Natasha misses you. The white imp hits you. The white imp freezes you.
Unknown command.
Unknown command.
Unknown command.
Unknown command.
MOVING TO (0,-5) Unknown command.
Unknown command.
Unknown command.
MOVING TO (0,-4) Natasha mumbles some strange words.
The white imp gestures at you. The puff of frost hits you!
You die...

.............?#.....#
.................##.#
.>........#.!....##.#
........#...........#
.......##.######.####
.......##..... #.#
.............. #.#
######.#########.#
...............#6#
...........###.#5#
......##....##.#5#
.........!..##.5h#
.....###....#....#
....###....##....#
...###...####.#..#
#####..### #.#..#
#..# ###..#


You could see an iron imp, Natasha, a crimson imp and a white imp.

Table legend:
 A = Turns spent in this place as a percentage of turns spent in the entire game.
 B = Non-inter-level travel turns spent in this place as a percentage of non-inter-level travel turns spent in the entire game.
 C = Inter-level travel turns spent in this place as a percentage of turns spent in this place.
 D = Turns resting spent in this place as a percentage of non-inter-level travel turns spent in this place.
 E = Turns spent auto-exploring this place as a percentage of non-inter-level travel turns spent in this place.
 F = Non-inter-level travel turns spent in this place divided by the number of levels of this place that you've seen.
                   A       B       C       D       E      F
               +-------+-------+-------+-------+-------+----------------------
         Total | 100.0 | 100.0 |   0.3 |   0.6 |   2.0 | 1660.0
       Dungeon | 100.0 | 100.0 |   0.3 |   0.6 |   2.0 | 1660.0
               +-------+-------+-------+-------+-------+----------------------

Table legend:
 A = Kills in this place as a percentage of kills in entire the game.
 B = Kills by you in this place as a percentage of kills by you in the entire game.
 C = Kills by friends in this place as a percentage of kills by friends in the entire game.
 D = Other kills in this place as a percentage of other kills in the entire game.
 E = Experience gained in this place as a percentage of experience gained in the entire game.
 F = Experience gained in this place divided by the number of levels of this place that you have seen.
                   A       B       C       D       E      F
               +-------+-------+-------+-------+-------+----------------------
         Total | 100.0 | 100.0 |  -nan |  -nan | 100.0 |  36.0
       Dungeon | 100.0 | 100.0 |  -nan |  -nan | 100.0 |  36.0
               +-------+-------+-------+-------+-------+----------------------

Vanquished Creatures
  An adder (D:2)
  2 worms (D:2)
  2 giant geckos
  4 bats
  3 goblins
  8 jackals (D:2)
  3 kobolds (D:1)
  3 giant cockroaches
  2 giant newts
  5 rats
33 creatures vanquished.

Notes
Turn   | Place    | Note
--------------------------------------------------------------
     0 | D:1      | gw the Demonspawn Monk began the quest for the Orb.
     0 | D:1      | Reached XP level 1. HP: 18/18 MP: 1/1
   365 | D:1      | Gained mutation: You are immune to rotting. [demonic ancestry]
   365 | D:1      | Reached XP level 2. HP: 24/24 MP: 2/2
   876 | D:2      | Reached skill level 1 in Throwing
  1044 | D:2      | Reached skill level 1 in Armour
  1113 | D:2      | Reached XP level 3. HP: 22/29 MP: 3/3
  1599 | D:2      | Reached skill level 4 in Unarmed Combat
  1812 | D:2      | Noticed Natasha
  1834 | D:2      | Killed from afar by a white imp

Action                   || total
-------------------------++-------
Melee: Unarmed           ||   120
Throw: Stone             ||   112
  Eat: Chunk             ||     3

Vault maps used:
D:1:      noname_arrival_rooms_in_the_neighbourhood
D:2:      makhleb_blood_cavern_becter, uniq_natasha
